 Dungeon Crawl Stone Soup version 0.13.0-19-g8e0b589 (webtiles) character file.

793 Antur the Chopper (level 6, 0/53 HPs)
             Began as a Hill Orc Fighter on Oct 24, 2013.
             Was an Initiate of Okawaru.
             Killed by divine providence
             ... invoked by an orc priest
              (15 damage)
             ... on Level 5 of the Dungeon.
             The game lasted 00:11:23 (3778 turns).

Antur the Chopper (Hill Orc Fighter)                Turns: 3778, Time: 00:11:24

HP   0/53        AC 13     Str 24      XL: 6   Next: 95%
MP   5/5         EV  7     Int  8      God: Okawaru [......]
Gold 370         SH 21     Dex 10      Spells:  0 memorised,  5 levels left

Res.Fire  : + . .   See Invis. : .   a - +0 orc hand axe {=f}
Res.Cold  : + . .   Warding    : .   b - +1 orc scale mail
Life Prot.: . . .   Conserve   : .   c - +0 orc shield
Res.Poison: +       Res.Corr.  : .   (no helmet)
Res.Elec. : +       Clarity    : .   s - +0 cloak
Sust.Abil.: . .     Spirit.Shd : .   f - +1 pair of gloves
Res.Mut.  : .       Stasis     : .   k - +0 pair of boots
Res.Rott. : .       Flight     : .   (no amulet)
Saprovore : + . .                    (no ring)
                                     j - +3 ring of strength

@: slightly resistant to hostile enchantments, extremely unstealthy
A: saprovore 1
a: Renounce Religion, Convert to Beogh


You were on level 5 of the Dungeon.
You worshipped Okawaru.
Okawaru was noncommittal.
You were not hungry.

You visited 2 branches of the dungeon, and saw 6 of its levels.

You collected 350 gold pieces.

Inventory:

Hand weapons
 a - a +0,+0 orcish hand axe (weapon) {=f}
 z - a +4,+0 elven falchion
Armour
 b - a +1 orcish scale mail (worn)
 c - a +0 orcish shield (worn)
 f - a +1 pair of gloves (worn)
 k - a +0 pair of boots (worn)
 s - a +0 cloak (worn)
Magical devices
 u - a wand of frost (0)
 y - a wand of slowing (0)
Comestibles
 d - a meat ration
 g - an orange
 h - 16 grapes
 i - 4 sultanas
 q - 2 bread rations
 r - a choko
 t - a pear
Scrolls
 e - a scroll of remove curse {unknown}
 n - a scroll of enchant armour
 o - a scroll of enchant weapon II {unknown}
 v - a scroll of identify
 A - a scroll of enchant weapon I {unknown}
Jewellery
 j - a +3 ring of strength (left hand)
Potions
 m - a potion of invisibility
 p - a potion of restore abilities
 w - 2 potions of magic


   Skills:
 + Level 4.1 Fighting
 * Level 5.3 Axes
 + Level 4.4 Armour
 + Level 2.4 Dodging
 + Level 5.0 Shields
 + Level 0.9 Evocations


You had 5 spell levels left.
You didn't know any spells.

Dungeon Overview and Level Annotations

Branches:
Dungeon (5/27)             Temple (1/1) D:4

Altars:
Elyvilon
Okawaru
Trog


Innate Abilities, Weirdness & Mutations

You can tolerate rotten meat.


Message History

You miss it. It hits you but does no damage.
Ouch! It hits you but does no damage.
Ouch! It hits you but does no damage.
You completely miss it. It hits you.
You completely miss it.
The orc priest's eyes start to glow.
It hits you.
Ouch!
The orc priest glows brightly for a moment.
It hits you but does no damage.
The orc priest's eyes start to glow.
It hits you but does no damage.
Ouch! It hits you.
* * * LOW HITPOINT WARNING * * *
You're too confused!
Drink which item? (? for menu, Esc to quit)
You feel protected.
You feel less confused.
The orc priest invokes the aid of Beogh against you.
Something smites you!
You die...

....#.#.######.# .#
....'.#.##.....# .#
....#.#.##.....# .#
#####.#........###.####
#.#...............###
#.#........#..........
#.#........#.#.##.###
#.#.#......#.#... #
#.#.#......#@#.###
#.#.#......#.#.#
#.#.#.######o#.#
....... .o..# .... ..#.
# ####


You could see an orc priest and an orc.

Vanquished Creatures
  An ice beast (D:3)
  An ogre (D:4)
  Crazy Yiuf (D:5)
  A black bear zombie (D:5)
  A scorpion (D:4)
  The ghost of 4tharraofdagon the Chopper, a weakling CeBe of Trog (D:4)
  6 adders
  A giant eyeball (D:3)
  7 giant geckos
  8 orcs
  9 bats
  7 giant cockroaches
  10 goblins
  7 hobgoblins
  16 kobolds
  A quokka (D:4)
  4 giant newts
  A hobgoblin skeleton (D:5)
  8 jackals
  2 orc skeletons (D:4)
  A quokka skeleton (D:4)
  11 rats
  A plant (D:3)
106 creatures vanquished.

Notes
Turn   | Place    | Note
--------------------------------------------------------------
     0 | D:1      | Antur, the Hill Orc Fighter, began the quest for the Orb.
     0 | D:1      | Reached XP level 1. HP: 19/19 MP: 0/0
    91 | D:1      | Reached XP level 2. HP: 21/26 MP: 1/1
   258 | D:1      | Reached XP level 3. HP: 19/33 MP: 2/2
   650 | D:2      | Found a white marble altar of Elyvilon.
   753 | D:2      | Reached skill level 1 in Dodging
  1109 | D:3      | Reached XP level 4. HP: 39/39 MP: 3/3
  1117 | D:3      | Paralysed by a giant eyeball for 3 turns
  1122 | D:3      | Reached skill level 4 in Axes
  1124 | D:3      | Paralysed by a giant eyeball for 3 turns
  1363 | D:3      | Noticed an ice beast
  1739 | D:3      | Killed an ice beast
  1739 | D:3      | Reached XP level 5. HP: 27/46 MP: 4/4
  2504 | D:4      | Noticed 4tharraofdagon's ghost (weakling CeBe)
  2504 | D:4      | Reached XP level 6. HP: 53/53 MP: 5/5
  2537 | D:4      | Killed 4tharraofdagon's ghost
  2637 | D:4      | Noticed an ogre
  2641 | D:4      | Killed an ogre
  2641 | D:4      | Reached skill level 5 in Axes
  2932 | D:4      | Found a staircase to the Ecumenical Temple.
  2978 | Temple   | Entered the Ecumenical Temple
  2989 | Temple   | Became a worshipper of Warmaster Okawaru
  3312 | D:5      | Entered Level 5 of the Dungeon
  3332 | D:5      | Reached skill level 5 in Shields
  3395 | D:5      | Noticed Crazy Yiuf
  3415 | D:5      | Killed Crazy Yiuf
  3778 | D:5      | Killed from afar by an orc priest

Action                   |  1- 3 |  4- 6 || total
-------------------------+-------+-------++-------
Melee: Hand axe          |   133 |   338 ||   471
Evoke: Wand              |       |    11 ||    11
  Use: Scroll            |       |    13 ||    13
       Potion            |       |     9 ||     9
